 Dungeon Sprint DCSS version 0.30-a0-939-gc8157cb160 (webtiles) character file.

Game seed: 8203009033145719977

24921 fozzywoppz the Severer (level 12, -10/110 HPs)
             Began as a Demonspawn Fighter on Mar 26, 2023.
             Was a High Priest of Okawaru.
             Mangled by a sun moth (19 damage)
             ... in the Dungeon (Sprint IX: "|||||||||||||||||||||||||||||").
             The game lasted 00:15:24 (3132 turns).

fozzywoppz the Severer (Demonspawn Fighter)         Turns: 3132, Time: 00:15:25

Health: -10/110    AC: 31    Str: 28    XL:     12   Next: 84%
Magic:  16/21      EV: 19    Int: 10    God:    Okawaru [*****.]
Gold:   1038       SH:  8    Dex: 12    Spells: 11/11 levels left

rFire   . . .      SeeInvis .    a - +3 broad axe (flame)
rCold   . . .      Faith    .    c - +0 buckler
rNeg    . . .      Spirit   .    D - +3 chain mail
rPois   .          Reflect  .    b - +0 helmet
rElec   .          Rampage  .    E - +1 cloak
rCorr   .          NoTele   +    (no gloves)
Will    .....                    (no boots) Stlth
                                 (no amulet)
HPRegen 0.38/turn                y - +5 ring of evasion
MPRegen 0.17/turn                o - +6 ring of strength

@: heroic, finesse-ful, sanguine armoured, glowing
A: sanguine armour 2, demonic magic 1, demonic touch 2
a: Renounce Religion, Heroism, Finesse


You were in the Dungeon.
You worshipped Okawaru.
Okawaru was extremely pleased with you.
You visited 1 branch You collected 1902 gold pieces.
You spent 864 gold pieces at shops.

Inventory:

Hand Weapons
 a - a +3 broad axe of flaming (weapon)
Armour
 b - a +0 helmet (worn)
 c - a +0 buckler (worn)
 z - a +0 tower shield of protection
 D - a +3 chain mail (worn)
 E - a +1 cloak (worn)
Jewellery
 o - a +6 ring of strength (right hand)
 y - a +5 ring of evasion (left hand)
 A - a ring of protection from cold
 B - a ring of see invisible
 C - a +4 ring of protection
Wands
 l - a wand of quicksilver (3)
Scrolls
 j - 6 scrolls of blinking
 k - 2 scrolls of amnesia
 q - 2 scrolls of enchant armour
 t - 2 scrolls of identify
 v - a scroll of fear
 w - a scroll of fog
 x - 4 scrolls of enchant weapon
Potions
 d - a potion of invisibility
 e - 4 potions of curing
 f - 4 potions of heal wounds
 g - 2 potions of brilliance
 h - 4 potions of magic
 i - a potion of berserk rage
 p - 2 potions of might
 r - 3 potions of haste
 s - a potion of resistance
Miscellaneous
 u - a lightning rod (4/4)


   Skills:
 + Level 15.3(20.3) Fighting
 - Level 16.0(21.0) Axes
 + Level 14.6(19.6) Armour
 - Level 8.0(13.0) Dodging
 + Level 12.5(17.5) Shields
 + Level 9.7(14.7) Unarmed Combat
 - Level 12.0 Invocations


You had 11 spell levels left.
You didn't know any spells.
Your spell library was empty.

Dungeon Overview and Level Annotations

Branches:
Dungeon (1/1)

Altars:
Cheibriados
Dithmenos
Fedhas
Gozag
Hepliaklqana
Kikubaaqudgha
Makhleb
Nemelex Xobeh
Okawaru
Qazlal
Ru
Sif Muna
Trog
Uskayaw
Vehumet
Wu Jian
Xom
Yredelemnul
Jiyva
Lugonu

Shops:
D [[=?


Innate Abilities, Weirdness & Mutations

When seriously injured, your blood forms thick armour. (AC +9)
Spells you cast may paralyse adjacent enemies.
Your touch may inflict irresistible damage on your foes.


Message History

The tarantella misses you.
You closely miss the tarantella.
The tarantella is moderately wounded.
The jumping spider leaps!
You barely miss the tarantella.
The tarantella is moderately wounded.
The tarantella completely misses you.
You slice the tarantella!! You burn the tarantella.
You kill the tarantella!
Okawaru accepts your kill. The pharaoh ant bites you!
You feel drained. The pharaoh ant bites you!!
* * * LOW HITPOINT WARNING * * *
You feel drained.
* * * LOW HITPOINT WARNING * * *
The jumping spider leaps!
You carve the pharaoh ant like a ham!!! You burn the pharaoh ant!
You destroy the pharaoh ant!
Okawaru is honoured by your kill.
The pharaoh ant binds the souls of nearby monsters.
Your life force feels restored.
You barely miss the sun moth. You hit the sun moth but do no damage.
Unknown command.
You closely miss the sun moth.
The sun moth bites you but does no damage.
You hit the sun moth but do no damage. You slash the sun moth!
You burn the sun moth.
The sun moth is lightly wounded.
You barely miss the jumping spider. You block the sun moth's attack.
The jumping spider pounces on you but does no damage.
The jumping spider completely misses you.
You barely miss the sun moth.
The sun moth is lightly wounded.
You hit the jumping spider. You burn the jumping spider.
You slice the sun moth!! You burn the sun moth.
The sun moth is heavily wounded.
You hit the jumping spider but do no damage.
The jumping spider closely misses you. You block the jumping spider's attack.
The sun moth bites you!!
You die...

...........))))))))).....')))))))
▓▓▓▓▓▓▓▓▓▓▓▓▓▓▓▓▓▓▓▓▓▓▓▓▓▓▓▓▓▓▓▓▓
........................)........
▓▓▓▓▓▓▓▓▓▓▓▓▓▓▓▓▓▓▓▓▓▓▓▓▓▓▓▓▓▓▓▓▓
.......'..=..)))))))).[[[[[[[....
▓▓▓▓▓▓▓▓▓▓▓▓▓▓▓▓▓▓▓▓▓▓▓▓▓▓▓▓▓▓▓▓▓
.................................
▓▓▓▓▓▓▓▓▓▓▓▓▓▓▓▓▓▓▓▓▓▓▓♣♣♣♣♣♣♣♣♣♣
......°.....†'†s@y.....+
▓▓▓▓▓▓▓▓▓▓▓▓▓▓▓▓▓▓▓▓▓▓▓♣


You could see a sun moth and a jumping spider (soul bound).

Vanquished Creatures
  3 very ugly things (D)
  Nessos (D)
  A fire dragon (D)
  An entropy weaver (D)
  3 hydras (D)
  A rakshasa (D)
  2 centaur warriors (D)
  2 ice dragons (D)
  A two-headed ogre (D)
  2 boulder beetles (D)
  An orc high priest (D)
  A pharaoh ant (D)
  A wizard (D)
  An orb spider (D)
  An orc knight (D)
  6 orc sorcerers (D)
  An ugly thing (D)
  3 cyclopes (D)
  2 black mambas (D)
  Joseph (D)
  2 cane toads (D)
  A gargoyle (D)
  2 rime drakes (D)
  4 tyrant leeches (D)
  2 tarantellas (D)
  3 blink frogs (D)
  A slime creature (D)
  A jumping spider (D)
  2 wyverns (D)
  A basilisk (D)
  2 yaks (D)
  Grum (D)
  2 vampire mosquitoes (D)
  4 water moccasins (D)
  11 orc warriors (D)
  5 wolves (D)
  An ogre (D)
  A bullfrog (D)
  A scorpion (D)
  2 howler monkeys (D)
  A hound (D)
  A jelly (D)
  3 orc priests (D)
  A hell rat (D)
  12 orc wizards (D)
  7 orcs (D)
  An endoplasm (D)
  A bat (D)
  2 frilled lizards (D)
  A rat (D)
114 creatures vanquished.

Vanquished Creatures (others)
  An ogre mage (D)
1 creature vanquished.

Grand Total: 115 creatures vanquished

Notes
Turn   | Place    | Note
-------+----------+-------------------------------------------
     0 | D        | fozzywoppz the Demonspawn Fighter began the quest for the
                  | Orb.
     0 | D        | Reached XP level 1. HP: 18/18 MP: 1/1
    13 | D        | Reached skill level 2 in Axes
    26 | D        | Noticed a jelly
    26 | D        | Noticed an ogre
    26 | D        | Noticed a scorpion
    26 | D        | Noticed a hound
    28 | D        | Killed a jelly
    29 | D        | Reached skill level 3 in Axes
    29 | D        | Gained mutation: Spells you cast may paralyse adjacent
                  | enemies. [demonic ancestry]
    29 | D        | Reached XP level 2. HP: 25/25 MP: 2/2
    29 | D        | Gained mutation: When seriously injured, your blood forms
                  | armour. (AC +9) [demonic ancestry]
    29 | D        | Reached XP level 3. HP: 30/30 MP: 3/3
    35 | D        | Killed an ogre
    36 | D        | Reached skill level 5 in Fighting
    36 | D        | Reached skill level 4 in Axes
    36 | D        | Reached skill level 5 in Armour
    36 | D        | Reached skill level 5 in Shields
    36 | D        | Gained mutation: Your touch may inflict minor irresistible
                  | damage on your foes. [demonic ancestry]
    36 | D        | Reached XP level 4. HP: 33/39 MP: 4/4
    39 | D        | Killed a scorpion
    40 | D        | Reached skill level 5 in Axes
    40 | D        | Gained mutation: When seriously injured, your blood forms
                  | thick armour. (AC +9) [demonic ancestry]
    40 | D        | Reached XP level 5. HP: 37/46 MP: 5/5
    52 | D        | Found a snail-covered altar of Cheibriados.
    52 | D        | Found a shadowy altar of Dithmenos.
    52 | D        | Found a blossoming altar of Fedhas.
    52 | D        | Found an opulent altar of Gozag.
    53 | D        | Found a hazy altar of Hepliaklqana.
    54 | D        | Found a viscous altar of Jiyva.
    55 | D        | Found an ancient bone altar of Kikubaaqudgha.
    56 | D        | Found a corrupted altar of Lugonu.
    57 | D        | Found a burning altar of Makhleb.
    58 | D        | Found a sparkling altar of Nemelex Xobeh.
    59 | D        | Found an iron altar of Okawaru.
    60 | D        | Found a stormy altar of Qazlal.
    61 | D        | Found a sacrificial altar of Ru.
    62 | D        | Found a shimmering blue altar of Sif Muna.
    63 | D        | Found a bloodstained altar of Trog.
    64 | D        | Found a hide-covered altar of Uskayaw.
    65 | D        | Found a radiant altar of Vehumet.
    66 | D        | Found an ornate altar of the Wu Jian Council.
    71 | D        | Became a worshipper of Warmaster Okawaru
    72 | D        | Found a shimmering altar of Xom.
    73 | D        | Found a basalt altar of Yredelemnul.
   137 | D        | Noticed a yak
   137 | D        | Noticed a wyvern
   137 | D        | Noticed an orc warrior
   145 | D        | Reached skill level 6 in Axes
   157 | D        | Gained mutation: Your touch may inflict irresistible damage
                  | on your foes. [demonic ancestry]
   157 | D        | Reached XP level 6. HP: 55/55 MP: 6/6
   163 | D        | Killed a yak
   164 | D        | Reached skill level 7 in Axes
   168 | D        | Killed a wyvern
   168 | D        | Reached * piety under Okawaru
   169 | D        | Reached XP level 7. HP: 37/63 MP: 7/7
   179 | D        | Reached skill level 8 in Axes
   273 | D        | Noticed a cyclops
   273 | D        | Noticed a cyan ugly thing
   273 | D        | Noticed a two-headed ogre
   273 | D        | Noticed an eight-headed hydra
   273 | D        | Noticed a slime creature
   273 | D        | Noticed a gargoyle
   279 | D        | Killed a cyclops
   279 | D        | Reached ** piety under Okawaru
   280 | D        | Reached skill level 9 in Axes
   280 | D        | Reached XP level 8. HP: 67/72 MP: 5/11
   286 | D        | Killed a cyan ugly thing
   287 | D        | Reached skill level 10 in Fighting
   295 | D        | Killed a two-headed ogre
   296 | D        | Reached skill level 10 in Axes
   296 | D        | Reached skill level 10 in Armour
   296 | D        | Reached XP level 9. HP: 25/78 MP: 7/16
   304 | D        | Killed a nine-headed hydra
   304 | D        | Reached *** piety under Okawaru
   304 | D        | Killed a gargoyle
   305 | D        | Reached skill level 12 in Axes
   658 | D        | Noticed a cane toad
   660 | D        | Noticed a cane toad
   669 | D        | Reached skill level 13 in Axes
   672 | D        | Noticed a seven-headed hydra
   690 | D        | Killed a cane toad
   691 | D        | Killed a ten-headed hydra
   691 | D        | Reached **** piety under Okawaru
   692 | D        | Reached skill level 15 in Axes
   692 | D        | Reached XP level 10. HP: 19/85 MP: 19/19
   696 | D        | Killed a cane toad
   923 | D        | Noticed a black mamba
   925 | D        | Reached skill level 16 in Axes
   925 | D        | Reached skill level 1 in Dodging
   926 | D        | Reached ***** piety under Okawaru
   926 | D        | Noticed a black mamba
   931 | D        | Killed a black mamba
   931 | D        | Received a gift from Okawaru
   937 | D        | Killed a black mamba
  1102 | D        | Reached XP level 11. HP: 18/93 MP: 13/20
  1110 | D        | Reached skill level 5 in Dodging
  1461 | D        | Received a gift from Okawaru
  1465 | D        | Reached skill level 1 in Unarmed Combat
  1622 | D        | Noticed an orc sorcerer
  1624 | D        | Noticed an orc knight
  1625 | D        | Killed an orc sorcerer
  1630 | D        | Noticed an orc high priest
  1642 | D        | Killed an orc knight
  1672 | D        | Killed an orc high priest
  1866 | D        | Found Ukuteqon's Armour Emporium.
  1866 | D        | Noticed an orc sorcerer
  1866 | D        | Noticed an orc sorcerer
  1877 | D        | Killed an orc sorcerer
  1886 | D        | Killed an orc sorcerer
  1889 | D        | Found Useoff Iwei's Armour Shoppe.
  1891 | D        | Found Peleoczu's Jewellery Emporium.
  1891 | D        | Noticed an orc sorcerer
  1892 | D        | Noticed an orc sorcerer
  1895 | D        | Found Tire's Magic Scroll Shoppe.
  1895 | D        | Paralysed by an orc sorcerer for 2 turns
  1901 | D        | Noticed an orc sorcerer
  1905 | D        | Killed an orc sorcerer
  1909 | D        | Killed an orc sorcerer
  1911 | D        | Noticed a soul eater
  1913 | D        | Killed an orc sorcerer
  1983 | D        | Noticed Grum
  1988 | D        | Reached skill level 5 in Unarmed Combat
  1994 | D        | Killed Grum
  2039 | D        | Noticed Joseph
  2052 | D        | Killed Joseph
  2154 | D        | Got the +4 plate armour "Lusuzys" {Drain rN+ Str+6}
  2345 | D        | Bought a +6 ring of strength for 432 gold pieces
  2345 | D        | Bought a +5 ring of evasion for 432 gold pieces
  2501 | D        | Noticed an ogre mage
  2501 | D        | Noticed a centaur warrior
  2501 | D        | Noticed a seven-headed hydra
  2501 | D        | Noticed a wizard
  2508 | D        | Noticed a centaur warrior
  2513 | D        | Killed an ogre mage
  2516 | D        | Noticed a boulder beetle
  2517 | D        | Killed a centaur warrior
  2518 | D        | Reached skill level 10 in Shields
  2518 | D        | Noticed a rakshasa
  2519 | D        | Noticed an ice dragon
  2523 | D        | Killed a five-headed hydra
  2524 | D        | Reached XP level 12. HP: 73/105 MP: 14/21
  2524 | D        | Noticed a fire dragon
  2526 | D        | Noticed a green very ugly thing
  2528 | D        | Noticed a brown very ugly thing
  2531 | D        | Killed a centaur warrior
  2536 | D        | Killed a boulder beetle
  2553 | D        | Killed an ice dragon
  2558 | D        | Killed a rakshasa
  2695 | D        | Noticed an ice dragon
  2699 | D        | Noticed a green very ugly thing
  2705 | D        | Killed a fire dragon
  2720 | D        | Killed a white very ugly thing
  2730 | D        | Killed a red very ugly thing
  2742 | D        | Killed a green very ugly thing
  2748 | D        | Killed an ice dragon
  2789 | D        | Noticed Nessos
  2805 | D        | Killed Nessos
  3084 | D        | Noticed a boulder beetle
  3084 | D        | Noticed an entropy weaver
  3098 | D        | Killed a boulder beetle
  3106 | D        | Killed an entropy weaver
  3107 | D        | Reached skill level 15 in Fighting
  3115 | D        | Identified the +7 demon blade "Jyveixt" {venom, Str+4}
                  | (Okawaru gifted it to you in the Dungeon)
  3115 | D        | Received a gift from Okawaru
  3132 | D        | Mangled by a sun moth

Illustrated notes

Levels and vault maps discovered:
D:        linesprint [early_d, line_temple, items_1, d_10, items_2, lair_1,
          lair_end, items_3, orc_1, orc_end, items_4, d_15, swamp_1, shoals_1,
          snake_1, spider_1, d_20, vaults_1, items_5, swamp_end, shoals_end,
          snake_end, spider_end, vaults_end, d_27, items_6, zot_1, zot_end,
          crypt_end, forest_end, elf_end, slime_end, tomb_end, abyss_end,
          pan_hell_end]

Skill      XL: |  1  2  3  4  5  6  7  8  9 10 11 12 |
---------------+-------------------------------------+-----
Axes           | 3 4 5 6 7 9 10 15 16 | 16.0
Armour         | 3 5 6 8 9 10 11 12 14 | 14.6
Shields        | 3 5 6 7 10 12 | 12.5
Fighting       | 4 5 6 7 8 9 10 11 13 15 | 15.3
Invocations    | 4 9 12 | 12.0
Dodging        | 4 8 |  8.0
Unarmed Combat | 6 9 |  9.7

Action                     |  1- 3 |  4- 6 |  7- 9 | 10-12 || total
---------------------------+-------+-------+-------+-------++-------
  Melee: War axe           |    23 |    38 |    61 |   223 ||   345
         Broad axe         |       |       |       |   118 ||   118
         Unarmed           |       |       |       |     7 ||     7
 Invoke: Heroism           |       |       |     2 |     6 ||     8
         Finesse           |       |       |       |     6 ||     6
  Evoke: Wand              |       |       |     6 |     1 ||     7
         Lightning rod     |       |       |     1 |    17 ||    18
    Use: Potion            |     2 |     1 |     1 |     3 ||     7
         Scroll            |       |       |     1 |       ||     1
 Armour: Scale mail        |    10 |     3 |       |       ||    13
         Plate armour      |       |    10 |    39 |    55 ||   104
         Chain mail        |       |       |       |    39 ||    39
  Dodge: Dodged            |     9 |     4 |    23 |   112 ||   148
  Block: Buckler           |     3 |     8 |    13 |    68 ||    92

Table legend: (Time is in decaauts)
 A = Elapsed time spent in this place.
 B = Non-inter-level travel time spent in this place.
 C = Inter-level travel time spent in this place.
 D = Time resting spent in this place.
 E = Time spent auto-exploring this place.
 F = Levels seen in this place.
 G = Mean time per level.
                   A        B        C        D        E       F      G
               +--------+--------+--------+--------+--------+-----+--------+
         Total |   2967 |   2853 |    114 |   1240 |    376 |   1 | 2967.0 |
       Dungeon |   2967 |   2853 |    114 |   1240 |    376 |   1 | 2967.0 |
               +--------+--------+--------+--------+--------+-----+--------+

Top non-repeatable levels by time:
       D: 2967 daAuts
